 Dungeon Crawl Stone Soup version 0.31-a0-435-g2c6fae2916 (webtiles) character file.

Game seed: 14442724825475143802

2191 Pooter the Cleaver (level 9, 0/79 HPs)
             Began as a Minotaur Berserker on Aug 2, 2023.
             Was a Priest of Trog.
             Slain by a cyclops (6 damage)
             ... on level 11 of the Dungeon.
             The game lasted 00:31:31 (6883 turns).

Pooter the Cleaver (Minotaur Berserker)             Turns: 6883, Time: 00:31:32

Health: 0/79       AC:  9    Str: 32    XL:     9   Next: 12%
Magic:  8/8        EV:  7    Int:  4    God:    Trog [***...]
Gold:   51         SH: 15    Dex: 10    Spells: 8/8 levels left

rFire   . . .        a - +0 war axe (freeze)
rCold   . . .        u - +0 tower shield
rNeg    + . .        l - +0 chain mail
rPois   .            (helmet restricted)
rElec   .            (no cloak)
rCorr   .            B - +0 pair of gloves
SInv    .            (no boots)
Will    .....        K - amulet of reflection Stlth
                     N - ring of positive energy
HPRegen 0.33/turn    z - +6 ring of strength
MPRegen 0.11/turn

%: reflection
@: on berserk cooldown, slowed, very slow
A: horns 2, retaliatory headbutt
a: Renounce Religion, Berserk, Trog's Hand


You were on level 11 of the Dungeon.
You worshipped Trog.
Trog was most pleased with you.
You visited 1 branch of the dungeon, and saw 9 of its levels.
You also visited: Sewer.

You collected 370 gold pieces.
You spent 319 gold pieces at shops.

Inventory:

Hand Weapons
 a - a +0 war axe of freezing (weapon)
   (You took it off an orc on level 4 of the Dungeon)
 b - a +0 sling
   (You found it on level 3 of the Dungeon)
 i - a +4 morningstar
   (You found it on level 7 of the Dungeon)
 y - a +0 heavy long sword
   (You found it on level 4 of the Dungeon)
 D - the +0 short sword "Jimum" {venom, Dex+3}
   (You found it on level 2 of the Dungeon)

   Dex:       It affects your dexterity (+3).
 I - a +0 orcbow
   (You took it off a centaur on level 7 of the Dungeon)
Missiles
 s - 11 poisoned darts (quivered)
 w - 3 silver javelins
 G - a curare-tipped dart
 Q - 75 stones
Armour
 l - a +0 chain mail (worn)
   (You found it on level 3 of the Dungeon)
 u - a +0 tower shield (worn)
   (You found it on level 4 of the Dungeon)
 B - a +0 pair of gloves (worn)
   (You found it on level 6 of the Dungeon)
Jewellery
 z - a +6 ring of strength (right hand)
   (You found it on level 3 of the Dungeon)
 K - an amulet of reflection (around neck)
   (You bought it in a shop on level 7 of the Dungeon)
 N - a ring of positive energy (left hand)
   (You found it on level 1 of the Dungeon)
Wands
 f - a wand of flame (11)
   (You found it on level 5 of the Dungeon)
Scrolls
 d - a scroll of butterflies
 e - 3 scrolls of fear {unknown}
 g - a scroll of blinking
 h - a scroll of silence {unknown}
 k - 2 scrolls of noise {unknown}
 m - 2 scrolls of teleportation {unknown}
 n - a scroll of vulnerability {unknown}
 p - 2 scrolls of amnesia {unknown}
 v - a scroll of fog {unknown}
 H - a scroll of poison {!r}
Potions
 c - a potion of heal wounds {unknown}
 j - a potion of mutation {unknown}
 o - 5 potions of curing {@q1}
 q - 2 potions of invisibility {unknown}
 r - a potion of attraction {unknown}
 x - a potion of lignification {unknown}
 E - a potion of enlightenment {unknown}
 F - a potion of might {unknown}
 J - 2 potions of berserk rage {unknown}


   Skills:
 + Level 7.4 Fighting
 * Level 9.9 Axes
 * Level 6.8 Ranged Weapons
 - Level 2.4 Armour
 - Level 2.1 Dodging
 - Level 3.5 Stealth


You had 8 spell levels left.
You didn't know any spells.
Your spell library was empty.

Dungeon Overview and Level Annotations

Branches:
Dungeon (8/15) Zot: 26984  Temple (0/1) D:4           Sewer (visited)
   Lair: D:8-11

Altars:
Kikubaaqudgha
Makhleb
Okawaru
Ru
Trog
Xom

Shops:
D:7 !*[:


Innate Abilities, Weirdness & Mutations

You have a pair of horns on your head.
You reflexively headbutt those who attack you in melee.


Message History

a - a +0 war axe of freezing (weapon)
You block the hound's attack.
You closely miss the hound. You block the hound's attack. x2
You closely miss the hound. The hound bites you but does no damage.
You slice the hound!! You freeze the hound.
You kill the hound!
Trog accepts your kill.
Done exploring.
Done exploring.
There is a stone staircase leading down here.
You climb downwards.
Found an escape hatch in the ceiling.
Found a stone staircase leading down.
There is a stone staircase leading up here.
Found a glowing clear potion.
J - 2 glowing clear potions (gained 1)
A white imp comes into view.
An orc comes into view. It is wielding a +0 hand axe.
Found a leather armour and 20 gold pieces.
The white imp gestures at you.
You block puff of frost... and reflect it back!
The puff of frost misses the white imp.
The orc moves out of view.
An orc warrior comes into view. It is wielding a +0 trident.
A sourceless malevolence fills the Dungeon...
You fall into a shaft and drop 3 floors!
The shaft crumbles and collapses.
Found a ring mail.
As you read the scroll of revelation, it crumbles to dust.
You feel aware of your surroundings.
You sensed 1 shop/portal.
A cyclops comes into view.
The cyclops shouts!
A red film seems to cover your vision as you go berserk!
You feel yourself moving faster!
You feel mighty!
You feel a strong urge to attack something.
The cyclops throws a large rock.
The large rock hits you!!
You feel your anger nearly subside.
You are no longer berserk.
You are exhausted.
You feel yourself slow down.
You hit the cyclops but do no damage. The cyclops hits you!
The cyclops hits you!!
* * * LOW HITPOINT WARNING * * *
You slash the cyclops! You freeze the cyclops.
You headbutt the cyclops, but do no damage.
The cyclops hits you!!
* * * LOW HITPOINT WARNING * * *
You hit the cyclops but do no damage. You block the cyclops's attack.
You hit the cyclops. You freeze the cyclops. You headbutt the cyclops.
The cyclops hits you.
* * * LOW HITPOINT WARNING * * *
The cyclops hits you.
You die...

,,,,,,*,,,,* ################
,,,,,,*,,,,* ################
,,,,,,*,,,,* ################ **
,,,,,,*,,,,* ################ *,
,,,,,<***#####################**,
,,,,,,,,,.....................,,,
****,,,,,.....................,,,
* *,,,,,.....................,,,
* *,,,,,.......@...[.........,,,
* *,,,,,......C..............,,,
****,,,,,.....................,,,
,,,,,,,,,.....................,,,
*********#####################***


You could see a cyclops.

Vanquished Creatures
  Sigmund (D:2)
  Eustachio (D:6)
  A water moccasin (D:7)
  2 ice beasts
  An orc warrior (D:5)
  A sky beast (D:7)
  2 ogres
  A centaur (D:7)
  2 phantoms (D:5)
  A kobold brigand (D:7)
  A bullfrog (D:7)
  A scorpion (D:6)
  6 hounds
  A gnoll bouda (D:5)
  An orc priest (D:5)
  2 iguanas
  A sleepcap (D:4)
  3 orc wizards
  A hell rat (Sewer)
  18 gnolls
  8 adders
  A river rat (Sewer)
  2 white imps
  2 ufetubi
  3 dart slugs
  25 orcs
  4 bats
  4 endoplasms
  7 giant cockroaches
  10 goblins
  8 hobgoblins
  2 jackals (D:1)
  5 quokkas
  7 ball pythons
  5 frilled lizards
  13 kobolds
  17 rats
171 creatures vanquished.

Notes
Turn   | Place    | Note
-------+----------+-------------------------------------------
     0 | D:1      | Pooter the Minotaur Berserker began the quest for the Orb.
     0 | D:1      | Reached XP level 1. HP: 19/19 MP: 0/0
   238 | D:1      | Reached XP level 2. HP: 27/27 MP: 1/1
   243 | D:1      | Reached skill level 4 in Axes
   243 | D:1      | Reached skill level 1 in Stealth
   709 | D:2      | Reached XP level 3. HP: 29/33 MP: 2/2
   754 | D:2      | Reached XP level 4. HP: 27/40 MP: 3/3
   893 | D:2      | Identified the +0 short sword "Jimum" {venom, Dex+3}
   955 | D:2      | Noticed Sigmund
   966 | D:2      | Killed Sigmund
   967 | D:2      | Reached skill level 5 in Axes
   967 | D:2      | Reached XP level 5. HP: 47/47 MP: 4/4
  1193 | D:2      | Reached ** piety under Trog
  1553 | D:3      | Reached XP level 6. HP: 55/55 MP: 5/5
  1572 | D:3      | Reached skill level 6 in Axes
  1850 | D:3      | Found a glowing drain.
  1856 | Sewer    | Entered a sewer
  1929 | Sewer    | Reached skill level 5 in Fighting
  2704 | D:3      | Reached skill level 1 in Ranged Weapons
  3007 | D:4      | Found an ancient bone altar of Kikubaaqudgha.
  3050 | D:4      | HP: 4/84 [orc wizard/+0 dagger (3)]
  3050 | D:4      | HP: 1/84 [orc wizard/+0 dagger (3)]
  3407 | D:4      | Reached XP level 7. HP: 61/61 MP: 6/6
  3641 | D:4      | Found a staircase to the Ecumenical Temple.
  3920 | D:5      | Entered Level 5 of the Dungeon
  3949 | D:4      | Reached skill level 7 in Axes
  4021 | D:5      | Reached *** piety under Trog
  4232 | D:5      | Reached XP level 8. HP: 67/70 MP: 7/7
  4276 | D:5      | Reached skill level 8 in Axes
  4830 | D:6      | Noticed Eustachio
  4843 | D:6      | Killed Eustachio
  4844 | D:6      | Reached skill level 5 in Ranged Weapons
  4990 | D:6      | Found a sacrificial altar of Ru.
  4990 | D:6      | Found a burning altar of Makhleb.
  5097 | D:6      | Found an iron altar of Okawaru.
  5104 | D:6      | Reached skill level 9 in Axes
  5118 | D:6      | Found a shimmering altar of Xom.
  5911 | D:7      | Found Bapraite's Book Emporium.
  5937 | D:7      | Reached XP level 9. HP: 50/79 MP: 8/8
  6288 | D:7      | Found Plog's Armour Emporium.
  6319 | D:7      | Found Vojone's Assorted Antiques.
  6325 | D:7      | Bought a golden potion for 27 gold pieces
  6325 | D:7      | Bought a scroll of identify for 62 gold pieces
  6325 | D:7      | Bought a golden potion for 27 gold pieces
  6325 | D:7      | Bought a square soapstone amulet for 155 gold pieces
  6499 | D:7      | Found Meaguo's Distillery.
  6510 | D:7      | Bought a potion of curing for 36 gold pieces
  6510 | D:7      | Bought a potion of degeneration for 12 gold pieces
  6580 | D:7      | Found a bloodstained altar of Trog.
  6871 | D:8      | You fall into a shaft and drop 3 floors!
  6874 | D:11     | Noticed a cyclops
  6883 | D:11     | Slain by a cyclops

Illustrated notes

Levels and vault maps discovered:
D:1:      minmay_arrival_pointy, layout_rooms
D:2:      kennysheep_six_static_rooms, layout_loops_ring, uniq_sigmund
D:3:      layout_basic, gup_sewer_entry_bubbles, minmay_ogre_servants
D:4:      layout_cave_pods, lemuel_tele_altar, minmay_temple_entry_poolview
D:5:      layout_cave_pools
D:6:      layout_gridville, minitemple, gammafunk_temple_overflow_pools,
          uniq_eustachio
D:7:      layout_loops_ring, mainiacjoe_overflow_alcove_4, serial_shops,
          nicolae_shop_just_a_little_nook, nicolae_shop_tiny_waterfront, shop,
          shop
D:8:      layout_cave_pods, mainiacjoe_overflow_cross_hatched,
          lemuel_mausoleum_altar_yredelemnul, kennysheep_small_square
D:11:     layout_stronghold, serial_shops, shop

Skill      XL: |  1  2  3  4  5  6  7  8 |
---------------+-------------------------+-----
Axes           | 4 5 6 7 9 |  9.9
Stealth        | 1 2 3 |  3.5
Fighting       | 4 5 6 7 |  7.4
Ranged Weapons | 1 4 6 |  6.8
Armour         | |  2.4
Dodging        | |  2.1

Action                     |  1- 3 |  4- 6 |  7- 9 || total
---------------------------+-------+-------+-------++-------
  Melee: Hand axe          |    68 |       |       ||    68
         Headbutt          |     8 |    22 |    27 ||    57
         Short sword       |       |   108 |       ||   108
         Long sword        |       |    11 |       ||    11
         War axe           |       |     4 |   162 ||   166
   Fire: Sling             |       |    20 |    46 ||    66
  Throw: Stone             |       |    16 |       ||    16
         Dart              |       |       |     1 ||     1
 Invoke: Berserk           |       |     3 |     7 ||    10
         Trog's Hand       |       |     2 |     3 ||     5
    Use: Scroll            |       |     4 |     3 ||     7
   Stab: Sleeping          |       |     4 |       ||     4
 Armour: Animal skin       |     9 |    19 |       ||    28
         Chain mail        |       |     1 |    74 ||    75
  Dodge: Dodged            |    49 |   101 |    51 ||   201
  Block: Tower shield      |       |       |    96 ||    96
         Reflection        |       |       |     1 ||     1

Table legend: (Time is in decaauts)
 A = Elapsed time spent in this place.
 B = Non-inter-level travel time spent in this place.
 C = Inter-level travel time spent in this place.
 D = Time resting spent in this place.
 E = Time spent auto-exploring this place.
 F = Levels seen in this place.
 G = Mean time per level.
                   A        B        C        D        E       F      G
               +--------+--------+--------+--------+--------+-----+--------+
         Total |   7096 |   6885 |    211 |    958 |   4472 |  10 |  709.6 |
       Dungeon |   6966 |   6755 |    211 |    927 |   4442 |   9 |  774.0 |
         Sewer |    129 |    129 |      0 |     31 |     30 |   1 |  129.0 |
               +--------+--------+--------+--------+--------+-----+--------+

Top non-repeatable levels by time:
     D:3: 1515 daAuts
     D:7: 1179 daAuts
     D:4: 963 daAuts
     D:6: 917 daAuts
     D:2: 904 daAuts
     D:5: 876 daAuts
     D:1: 587 daAuts
   Sewer: 129 daAuts
    D:11: 13 daAuts
     D:8: 8 daAuts
